 Dungeon Crawl Stone Soup version 0.29-a0-418-gc0181ea820 (webtiles) character file.

Game seed: 12953568199589134374

66896 KristoblXynda the Grappler (level 14, -9/129 HPs)
             Began as a Yellow Draconian Monk on May 17, 2022.
             Was the Champion of Cheibriados.
             Mangled by a large abomination (19 damage)
             ... on level 3 of the Abyss.
             The game lasted 00:37:40 (21805 turns).

KristoblXynda the Grappler (Yellow Draconian Monk) Turns: 21805, Time: 00:37:41

Health: -9/129     AC: 12    Str: 31      XL:     14   Next: 80%
Magic:  21/21      EV: 48    Int: 24 (28) God:    Cheibriados [******]
Gold:   415        SH:  9    Dex: 38      Spells: 13/13 levels left

rFire   . . .      SeeInvis .     - Unarmed
rCold   . . .      Faith    .   w - +0 buckler of the Black Moon {Dex+7 Stlth-}
rNeg    + . .      Spirit   .   (body armour unavailable)
rPois   .          Reflect  .   f - +2 hat
rElec   .          Harm     .   p - +1 cloak
rCorr   +          Rampage  .   (no gloves)
Will    +....                   (no boots)
Stlth   +++.......              d - amulet of the acrobat
HPRegen 0.31/turn               h - +4 ring of evasion
MPRegen 0.17/turn               b - ring of positive energy

@: mighty, about to teleport, acrobatic, very slow
A: spit acid, AC +8, unfitting armour, acidic bite, cold-blooded, acid
resistance, horns 1, agile 1
a: Breathe Acid, Renounce Religion, Bend Time, Temporal Distortion, Slouch, Step
From Time


You were on level 3 of the Abyss.
You worshipped Cheibriados.
Cheibriados was exalted by your worship.
You visited 2 branches of the dungeon, and saw 16 of its levels.
You visited the Abyss 1 time.
You also visited: Ossuary and Bailey.

You collected 1231 gold pieces.
You spent 816 gold pieces at shops.

Inventory:

Hand Weapons
 E - a +3 vorpal demon whip
Missiles
 e - 6 throwing nets (quivered)
Armour
 f - a +2 hat (worn)
 p - a +1 cloak (worn)
 w - the +0 buckler of the Black Moon (worn) {Dex+7 Stlth-}
   (You acquired it on level 13 of the Dungeon)

   Dex:       It affects your dexterity (+7).
   Stlth:     It makes you less stealthy.
Jewellery
 b - a ring of positive energy (right hand)
 d - an amulet of the acrobat (around neck)
 h - a +4 ring of evasion (left hand)
 y - a ring of flight
Wands
 s - a wand of iceblast (2)
 C - a wand of mindburst (4)
 D - a wand of digging (5)
Scrolls
 c - 3 scrolls of blinking
 j - a scroll of enchant armour
 k - a scroll of silence
 r - 3 scrolls of fear
 B - 2 scrolls of magic mapping
 G - a scroll of identify
Potions
 a - 5 potions of magic
 g - a potion of berserk rage
 i - 9 potions of curing
 l - 3 potions of lignification
 n - 5 potions of flight
 o - 3 potions of might
 q - 4 potions of mutation
 t - 3 potions of heal wounds
 u - a potion of attraction
 v - 4 potions of brilliance
 x - 2 potions of resistance
 z - 3 potions of haste
 A - 3 potions of invisibility
Miscellaneous
 m - a condenser vane


   Skills:
 + Level 13.1 Fighting
 - Level 2.1 Throwing
 + Level 12.4 Dodging
 - Level 5.2 Stealth
 - Level 6.2 Shields
 + Level 13.5 Unarmed Combat
 - Level 10.1 Invocations
 + Level 6.3 Evocations


You had 13 spell levels left.
You didn't know any spells.
Your spell library contained the following spells:

 Spells                   Type           Power      Damage    Failure   Level
 Beastly Appendage        Tmut           0%         N/A       19%         1
 Sandblast                Erth           0%         2d4       19%         1
 Passwall                 Tmut/Erth      0%         N/A       28%         2
 Wereblood                Tmut           0%         N/A       28%         2
 Ignite Poison            Fire/Tmut/Pois 0%         N/A       50%         3
 Mephitic Cloud           Conj/Pois/Air  0%         N/A       50%         3
 Spider Form              Tmut/Pois      0%         N/A       50%         3
 Stone Arrow              Conj/Erth      0%         3d7       50%         3
 Freezing Cloud           Conj/Ice/Air   0%         6-21      99%         5
 Iskenderun's Battlesphe  Conj           0%         2d6       99%         5
 Iron Shot                Conj/Erth      0%         9d1       100%        6
 Spellforged Servitor     Conj/Summ      0%         N/A       100%        7
 Lehudib's Crystal Spear  Conj/Erth      0%         10d2      100%        8
 Animate Armour           Summ/Erth      Unusable   N/A       N/A         4

Dungeon Overview and Level Annotations

Branches:
Dungeon (15/15)            Temple (1/1) D:6            Lair (0/6) D:10
    Orc (0/2) D:11         Vaults (0/5) D:13         Depths (0/4) D:15
Ossuary (visited)          Bailey (visited)

Altars:
Ashenzari
Cheibriados
Dithmenos
Elyvilon
Fedhas
Gozag
Hepliaklqana
Kikubaaqudgha
Makhleb
Nemelex Xobeh
Okawaru
Qazlal
Ru
Sif Muna
Trog
Uskayaw
Vehumet
Wu Jian
Xom
Yredelemnul
Zin
The Shining One

Shops:
D:5 !   D:10 *   D:11 *[[   D:13 !   D:14 :


Innate Abilities, Weirdness & Mutations

You can spit globs of acid.
Your golden yellow scales are hard. (AC +8)
You cannot fit into any form of body armour.
You have acidic saliva.
You are cold-blooded and may be slowed by cold attacks.
You are resistant to acid. (rCorr)
You have a pair of small horns on your head.
You are agile. (Dex +2)


Message History

That felt strangely unrewarding.
The hell knight completely misses you.
You feel better.
The hell knight hits you with a +5 broad axe!!
* * * LOW HITPOINT WARNING * * *
The neqoxec gestures at you.
Something tries to feed on your intellect!
The hell knight calls down the wrath of its god upon you.
The bolt of fire misses you.
You feel very mighty all of a sudden. The hell knight closely misses you.
Unknown command.
As you read the scroll of teleportation, it crumbles to dust.
You feel strangely unstable.
You feel the power of the Abyss delaying your translocation!
The hell knight misses you.
The hell knight prays to its god.
The hell knight seems to speed up.
The hell knight hits you with a +5 broad axe!
* * * LOW HITPOINT WARNING * * *
You block the hell knight's attack. The hell knight misses you.
Things that are here:
a +4 great mace of flaming; a +0 plate armour You feel your health improve.
You block the hell knight's attack. The hell knight completely misses you.
The hell knight attacks as you move away!
The hell knight completely misses you.
The hell knight invokes the aid of its god against you.
The bolt of fire misses you. x2; The bolt of fire hits the hell knight.
The hell knight completely resists.
The neqoxec gestures at you.
Something tries to feed on your intellect!
The hell knight hits you but does no damage.
The hell knight attacks as you move away!
You block the hell knight's attack.
The hell knight utters an invocation to its god.
The hell knight blinks!
The hell knight invokes the aid of its god against you.
The bolt of fire misses the small abomination.
The bolt of fire misses you. x2; The large abomination hits you!!
You die...

## ...#####
## ...#.
##.# #
###p.##.# #
# #
#.#.#p.ยง##
.
.##.#.@X##)#
.. ##.
##.##x##)# #
..####.pX#
## ##.
#..p##. #
.#..# # .#
#..# .. .
.##.####x#.#
#. . ..
#..#......
## #F . .# #
.# .# .# #
#. . ..# .


You could see 4 hell knights, a large abomination and a small abomination.

Vanquished Creatures
  2 tentacled starspawn (Abyss:3)
  A quicksilver ooze (shapeshifter) (D:15)
  Azrael (D:15)
  A green death (Abyss:3)
  A yaktaur captain (D:13)
  Harold (D:9)
  2 boulder beetles
  6 hydras
  A jorogumo (shapeshifter) (D:13)
  3 two-headed ogres (D:11)
  3 centaur warriors
  5 tengu warriors
  A deep troll earth mage (D:13)
  Sonja (D:10)
  2 hell knights (Abyss:3)
  Amaemon (D:8)
  10 skeletal warriors
  A deep troll (D:15)
  Pikel (D:8)
  An orange crystal statue (D:13)
  An orc knight (Bailey)
  4 deep elf pyromancers
  3 necromancers
  3 manticores
  14 ugly things
  5 cyclopes
  2 rust devils (D:8)
  An orange demon (D:8)
  A cane toad (shapeshifter) (D:15)
  4 gargoyles
  A smoke demon (Abyss:3)
  An ice statue (D:13)
  An unseen horror (D:12)
  3 efreet
  2 yaktaurs (D:13)
  2 tengu conjurers
  An ancient zyme (Abyss:3)
  A komodo dragon (D:10)
  2 trolls
  A hornet (shapeshifter) (D:14)
  8 slime creatures
  A tarantella (shapeshifter) (D:14)
  A dream sheep (shapeshifter) (D:13)
  Sigmund (D:3)
  A large abomination (Abyss:3)
  2 vampires
  A spriggan (D:10)
  3 wraiths
  A wyvern (D:9)
  4 fire elementals (D:15)
  A hog (shapeshifter) (D:14)
  A yak (shapeshifter) (D:14)
  2 chaos spawn (Abyss:3)
  2 steam dragons
  7 vampire mosquitoes
  2 water moccasins
  3 hell hounds (D:15)
  2 acid dragons (D:13)
  A swamp drake (D:11)
  3 ice beasts
  9 orc warriors
  A sky beast (D:7)
  A black bear (D:5)
  2 ogres (D:4)
  A tengu (shapeshifter) (D:13)
  A phantom (D:5)
  4 centaurs
  10 kobold brigands
  4 bullfrogs
  A gnoll sergeant (D:9)
  A necrophage (D:7)
  3 scorpions
  7 wights
  10 killer bees
  3 howler monkeys
  5 electric eels (D:11)
  5 hounds
  7 orc priests
  2 jellies
  4 iguanas
  15 orc wizards
  5 small abominations (Abyss:3)
  9 mummies
  8 gnolls (D:9)
  4 adders
  2 shadow imps (D:6)
  3 white imps
  2 ufetubi (D:4)
  4 worms
  5 dart slugs
  42 orcs
  3 ball pythons
  7 endoplasms
  4 giant cockroaches
  11 goblins
  7 hobgoblins
  6 jackals
  29 kobolds
  2 quokkas (D:2)
  11 bats
  7 frilled lizards
  2 gnoll zombies (Ossuary)
  2 hobgoblin zombies (Ossuary)
  3 kobold zombies (Ossuary)
  An orc zombie (Ossuary)
  8 rats
428 creatures vanquished.

Vanquished Creatures (others)
  A fire elemental (D:15)
  Blork the orc (D:6)
  A gnoll sergeant (D:9)
  17 plants (D:10)
  7 starspawn tentacles (Abyss:3)
27 creatures vanquished.

Grand Total: 455 creatures vanquished

Notes
Turn   | Place    | Note
-------+----------+-------------------------------------------
     0 | D:1      | KristoblXynda the Draconian Monk began the quest for the
                  | Orb.
     0 | D:1      | Reached XP level 1. HP: 19/19 MP: 1/1
    42 | D:1      | Reached XP level 2. HP: 14/26 MP: 2/2
   723 | D:1      | Reached XP level 3. HP: 33/33 MP: 3/3
  1704 | D:2      | Reached XP level 4. HP: 25/40 MP: 4/4
  2334 | D:3      | Noticed Sigmund
  2774 | D:3      | Reached XP level 5. HP: 47/47 MP: 5/5
  3028 | D:3      | Killed Sigmund
  3029 | D:3      | Reached skill level 5 in Fighting
  3029 | D:3      | Reached XP level 6. HP: 47/56 MP: 6/6
  3697 | D:4      | Reached skill level 5 in Unarmed Combat
  4289 | D:4      | Your scales start taking on a golden yellow colour.
  4289 | D:4      | Reached XP level 7. HP: 48/62 MP: 7/7
  4289 | D:4      | Gained mutation: You are resistant to acid. (rCorr) [Yellow
                  | Draconian growth]
  4499 | D:5      | Entered Level 5 of the Dungeon
  4505 | D:5      | Found a sand-covered staircase.
  4553 | Ossuary  | Entered an ossuary
  4801 | Ossuary  | Reached skill level 5 in Dodging
  5244 | D:5      | Found an ancient bone altar of Kikubaaqudgha.
  5372 | D:5      | Found a bloodstained altar of Trog.
  5545 | D:5      | Found Cayk's Distillery.
  5569 | D:5      | Bought 2 potions of heal wounds for 150 gold pieces
  5702 | D:5      | Reached XP level 8. HP: 69/71 MP: 8/8
  6024 | D:6      | Noticed a purple ugly thing
  6611 | D:6      | Gained mutation: You have a pair of small horns on your
                  | head. [potion of mutation]
  6611 | D:6      | Gained mutation: You possess an exceptional clarity of
                  | mind. [potion of mutation]
  6611 | D:6      | Gained mutation: You are clumsy. (Dex -2) [potion of
                  | mutation]
  6612 | D:6      | Lost mutation: You are clumsy. (Dex -2) [potion of
                  | mutation]
  6612 | D:6      | Lost mutation: You possess an exceptional clarity of mind.
                  | [potion of mutation]
  6612 | D:6      | Gained mutation: You are agile. (Dex +2) [potion of
                  | mutation]
  6634 | D:6      | Killed a purple ugly thing
  6635 | D:6      | Reached XP level 9. HP: 35/81 MP: 9/9
  7039 | D:6      | Noticed Blork the orc
  7071 | D:6      | Killed Blork the orc
  7077 | D:6      | Found a shimmering blue altar of Sif Muna.
  7294 | D:6      | Found a staircase to the Ecumenical Temple.
  7469 | Temple   | Entered the Ecumenical Temple
  7478 | Temple   | Became a worshipper of Cheibriados the Contemplative
  7478 | Temple   | Reached * piety under Cheibriados
  7478 | Temple   | Reached ** piety under Cheibriados
  7603 | D:6      | Found a sacrificial altar of Ru.
  8036 | D:7      | Found a glowing golden altar of the Shining One.
  8870 | D:8      | Noticed Amaemon
  8874 | D:8      | Noticed an orange demon
  8875 | D:8      | Noticed Pikel
  9092 | D:8      | Killed Pikel
  9092 | D:8      | Reached *** piety under Cheibriados
  9118 | D:8      | Killed an orange demon
  9119 | D:8      | Reached XP level 10. HP: 56/93 MP: 10/10
  9349 | D:8      | Reached skill level 10 in Fighting
  9560 | D:8      | Found a hazy altar of Hepliaklqana.
  9595 | D:8      | Killed Amaemon
  9596 | D:8      | Reached skill level 1 in Invocations
 10027 | D:9      | Found a flagged portal.
 10038 | Bailey   | Entered a bailey
 10075 | Bailey   | Reached **** piety under Cheibriados
 10264 | Bailey   | Identified the +9 scythe of Fenor {venom, +Blink Will+++
                  | MP-9 Int-2}
 10602 | Bailey   | Noticed an orc knight
 10612 | Bailey   | Killed an orc knight
 10820 | Bailey   | Found an iron altar of Okawaru.
 10961 | D:8      | Noticed a rust devil
 10961 | D:8      | Noticed a rust devil
 10977 | D:9      | Reached skill level 10 in Unarmed Combat
 11088 | D:9      | Noticed Harold
 11155 | D:9      | Killed Harold
 11156 | D:9      | Reached XP level 11. HP: 51/102 MP: 14/14
 11816 | D:9      | Found an ornate altar of the Wu Jian Council.
 12033 | D:8      | Reached skill level 1 in Shields
 12250 | D:10     | Entered Level 10 of the Dungeon
 12250 | D:10     | Found Gyamodul's Changing Room.
 12265 | D:10     | Bought a potion of mutation for 104 gold pieces
 12326 | D:10     | Reached ***** piety under Cheibriados
 12345 | D:10     | Reached skill level 5 in Invocations
 12606 | D:10     | Found a staircase to the Lair.
 12758 | D:10     | Noticed Sonja
 12770 | D:10     | Killed Sonja
 13607 | D:10     | Found a broken altar of Ashenzari.
 13611 | D:10     | Found a hide-covered altar of Uskayaw.
 13760 | D:11     | Noticed a four-headed hydra
 13771 | D:11     | Killed a four-headed hydra
 13772 | D:11     | Noticed a two-headed ogre
 13777 | D:11     | Noticed a boulder beetle
 13784 | D:11     | Killed a two-headed ogre
 13785 | D:11     | Reached skill level 1 in Throwing
 13917 | D:11     | Killed a boulder beetle
 13949 | D:11     | Noticed a two-headed ogre
 14208 | D:11     | Found Qipsoa's General Store.
 14220 | D:11     | Bought a potion of curing for 42 gold pieces
 14220 | D:11     | Bought a potion of heal wounds for 70 gold pieces
 14227 | D:11     | Found Ejuom's Armour Shop.
 14415 | D:11     | Found Sixok's Armour Shoppe.
 14436 | D:11     | Reached skill level 10 in Dodging
 14442 | D:11     | Noticed a two-headed ogre
 14479 | D:11     | Killed a two-headed ogre
 15142 | D:11     | Found a staircase to the Orcish Mines.
 15352 | D:11     | Killed a two-headed ogre
 15455 | D:12     | Noticed a five-headed hydra
 15462 | D:12     | Killed a five-headed hydra
 15463 | D:12     | Reached XP level 12. HP: 110/110 MP: 17/17
 15474 | D:12     | Noticed a boulder beetle
 15493 | D:12     | HP: 4/110 [boulder beetle (21)]
 16038 | D:12     | Reached skill level 5 in Shields
 16322 | D:12     | Found a snail-covered altar of Cheibriados.
 16944 | D:13     | Noticed a centaur warrior
 16948 | D:13     | Noticed a seven-headed hydra
 16950 | D:13     | Killed a centaur warrior
 16955 | D:13     | Killed a seven-headed hydra
 17124 | D:13     | Noticed a centaur warrior
 17126 | D:13     | Noticed a deep troll earth mage
 17138 | D:13     | Killed a centaur warrior
 17138 | D:13     | Reached ****** piety under Cheibriados
 17149 | D:13     | Killed a deep troll earth mage
 17195 | D:13     | Identified the +0 robe "Qecih" {rC+}
 17212 | D:13     | Reached skill level 5 in Stealth
 17212 | D:13     | Reached skill level 10 in Invocations
 17212 | D:13     | Reached XP level 13. HP: 116/116 MP: 18/20
 17300 | D:13     | Found a gate to the Vaults.
 17303 | D:13     | HP: 1/116 [yaktaur captain/bolt (34)]
 17773 | D:13     | Reached skill level 1 in Evocations
 17815 | D:13     | Identified a scroll of acquirement
 17815 | D:13     | Acquired the +0 buckler of the Black Moon {Dex+7 Stlth-}
 18332 | D:13     | Found Efimpi Laon's Distillery.
 18337 | D:13     | Identified the +2 plate armour of Bitterness {Will+ Dex-3
                  | Slay+4}
 18341 | D:13     | Bought a potion of heal wounds for 90 gold pieces
 18341 | D:13     | Bought a potion of might for 72 gold pieces
 18341 | D:13     | Bought a potion of curing for 54 gold pieces
 18341 | D:13     | Bought a potion of mutation for 144 gold pieces
 18341 | D:13     | Bought a potion of heal wounds for 90 gold pieces
 18474 | D:14     | Found Buisecu's Book Boutique.
 18514 | D:14     | Gained mutation: You have acidic saliva. [Yellow Draconian
                  | growth]
 18514 | D:14     | Reached XP level 14. HP: 116/125 MP: 21/21
 18692 | D:14     | Identified the +3 leather armour of New Discoveries {SInv
                  | Stlth+}
 19361 | D:14     | Found a broken altar of Ashenzari.
 19584 | D:15     | Entered Level 15 of the Dungeon
 19866 | D:15     | Reached skill level 5 in Evocations
 19898 | D:15     | Found a white marble altar of Elyvilon.
 20286 | D:15     | Found a staircase to the Depths.
 20306 | D:15     | Noticed a quicksilver ooze
 20306 | D:15     | a minotaur changed into a quicksilver ooze
 20313 | D:15     | Killed a quicksilver ooze
 20564 | D:15     | Noticed Azrael
 20585 | D:15     | Killed Azrael
 21396 | D:15     | Cast into level 2 of the Abyss (a wizard)
 21530 | Abyss:3  | Noticed a tentacled starspawn
 21538 | Abyss:3  | Killed a tentacled starspawn
 21606 | Abyss:3  | Noticed a dread lich
 21646 | Abyss:3  | Noticed a tentacled starspawn
 21753 | Abyss:3  | Killed a tentacled starspawn
 21794 | Abyss:3  | Noticed a tentacled starspawn
 21805 | Abyss:3  | Mangled by a large abomination

Illustrated notes

Levels and vault maps discovered:
D:1:      saegor_arrival_simple_c, layout_rooms, dreamdust_princess_bridge
D:2:      layout_basic
D:3:      layout_rooms, uniq_sigmund
D:4:      layout_basic
D:5:      layout_basic, marbit_many_paths, mainiacjoe_overflow_chevrons,
          serial_shops, nicolae_stop_n_shop_1, gup_ossuary_entry_pyramid
D:6:      hangedman_cross_stitches, layout_loops_ring, tgw_sif,
          mainiacjoe_overflow_surrounded_room, minmay_temple_entry_nine_rooms
D:7:      layout_gridville, tso_oasis_becter
D:8:      cheibrodos_iron_armory, layout_cave_pools,
          worldfamousw_hep_ancestral_shrine, grunt_ministairs_14,
          minmay_misc_feat_cross, nicolae_elevator_lobby_asterisk, uniq_pikel,
          uniq_amaemon
D:9:      layout_rooms, nzn_wu_jian_council_hall, enter_bailey_3, uniq_harold
D:10:     layout_long_grid, minitemple, david_lair_shrubbed,
          nicolae_transmutations_shop, the_hattery, uniq_sonja
D:11:     layout_basic, erik_orc_1, serial_shops, nicolae_lakefront_shop, shop,
          shop
D:12:     layout_roguey, amcnicky_mini_corridor_feature, cheibrodos_worm_habitat
D:13:     minmay_separated_statues, layout_basic, david_vaults_2, serial_shops,
          nicolae_lakefront_shop, minmay_radiant
D:14:     layout_gridville, serial_shops, shop_fountains,
          evilmike_ruin_ashenzari, st_stairs_12
D:15:     hangedman_depths_entry_civil_slaughter, layout_irregular_city,
          serial_rivers, chequers_serial_rivers_large_a,
          chequers_serial_rivers_room_b, chequers_serial_rivers_room_b,
          chequers_serial_rivers_micro_d, nicolae_elyvilon_peaceful_grove,
          uniq_azrael
Temple:   cyrus_circular_temple
Abyss:3:  base:
D:5

Skill      XL: |  1  2  3  4  5  6  7  8  9 10 11 12 13 14 |
---------------+-------------------------------------------+-----
Dodging        | 3 4 5 6 8 9 10 11 12 | 12.4
Fighting       | 4 5 6 8 9 11 13 | 13.1
Unarmed Combat | 4 5 6 7 9 10 11 12 13 | 13.5
Invocations    | 4 6 10 | 10.1
Shields        | 4 6 |  6.2
Throwing       | 2 |  2.1
Stealth        | 5 |  5.2
Evocations     | 3 6 |  6.3

Action                   |  1- 3 |  4- 6 |  7- 9 | 10-12 | 13-15 || total
-------------------------+-------+-------+-------+-------+-------++-------
Melee: Unarmed           |   193 |   173 |   423 |   560 |   527 ||  1876
       Tailslap          |    24 |    24 |    67 |   101 |   137 ||   353
       Punch             |     9 |     3 |    20 |    22 |       ||    54
       Headbutt          |       |       |    32 |   129 |   186 ||   347
       Bite              |       |       |       |       |    69 ||    69
 Abil: Breathe Acid      |       |       |    12 |    21 |     7 ||    40
Evoke: Wand              |       |       |     1 |     4 |     3 ||     8
  Use: Potion            |     1 |     1 |     5 |     7 |     6 ||    20
       Scroll            |       |     4 |     9 |    15 |     8 ||    36
 Stab: Sleeping          |     6 |     1 |     5 |     1 |     8 ||    21
       Confused          |       |       |     1 |     2 |       ||     3
       Distracted        |       |       |     1 |       |     2 ||     3
Armor: Skin              |    95 |    47 |    81 |    81 |    60 ||   364
Dodge: Dodged            |   216 |   161 |   360 |   760 |   578 ||  2075
Block: Buckler           |       |       |       |   107 |   200 ||   307

Table legend: (Time is in decaauts)
 A = Elapsed time spent in this place.
 B = Non-inter-level travel time spent in this place.
 C = Inter-level travel time spent in this place.
 D = Time resting spent in this place.
 E = Time spent auto-exploring this place.
 F = Levels seen in this place.
 G = Mean time per level.
                   A        B        C        D        E       F      G
               +--------+--------+--------+--------+--------+-----+--------+
         Total |  26209 |  25511 |    698 |   8406 |  11832 |  20 | 1310.4 |
       Dungeon |  24206 |  23520 |    686 |   7380 |  11686 |  15 | 1613.7 |
        Temple |     79 |     68 |     11 |      0 |     49 |   1 |   79.0 |
         Abyss |    542 |    542 |      0 |    184 |      1 |   2 |  271.0 |
       Ossuary |    457 |    457 |      0 |    185 |     85 |   1 |  457.0 |
        Bailey |    924 |    924 |      0 |    657 |     10 |   1 |  924.0 |
               +--------+--------+--------+--------+--------+-----+--------+

Top non-repeatable levels by time:
    D:10: 2418 daAuts
    D:15: 2325 daAuts
    D:13: 2189 daAuts
    D:12: 1972 daAuts
    D:11: 1913 daAuts
     D:8: 1887 daAuts
     D:2: 1798 daAuts
     D:9: 1749 daAuts
     D:6: 1715 daAuts
    D:14: 1474 daAuts
     D:7: 1129 daAuts
     D:4: 1089 daAuts
     D:1: 970 daAuts
     D:5: 953 daAuts
  Bailey: 924 daAuts
